Map: Odyssey LE

Players

glAre

  • Race: Terran Terran
  • League: Master
  • Spawn Location: 5:00

DERASTAT - Winner!

  • Race: Zerg Zerg
  • League: Master
  • Spawn Location: 11:00

VOD

Have the link to the VOD?

Description

Time

  • Played on: June 19, 2017, 6:46 a.m.
  • Length: 15:07
Show
View Real Time Build Order
Export as new Build Order

glAre Terran 

Build Orders: Reaper Expand, Hellion Banshee, Mech 

Get SALT Encoding   

  12  0:01  SCV  
  13  0:13  SCV  
  14  0:18  Supply Depot  
  14  0:25  SCV  
  15  0:39  SCV  
  15  0:41  Barracks  
  16  0:44  Refinery  
  16  0:52  SCV  
  17  1:04  SCV  
  18  1:16  SCV  
  19  1:28  Reaper  
  19  1:29  Orbital Command  
  20  1:43  Command Center  
  20  1:50  Refinery  
  20  1:54  SCV  
  21  2:03  Marine  
  21  2:06  Supply Depot, SCV  
  23  2:17  Factory  
  23  2:21  Barracks Reactor  
  23  2:28  SCV  
  24  2:40  SCV  
  25  2:52  SCV  
  26  3:00  Orbital Command  
  26  3:01  Bunker  
  26  3:04  SCV  
  27  3:12  Starport  
  27  3:13  Hellion  
  27  3:16  SCV, Hellion  
  32  3:28  SCV  
  32  3:30  Barracks Tech Lab  
  33  3:34  Supply Depot  
  33  3:37  Hellion x2  
  33  3:39  SCV  
  33  3:40  SCV  
  39  3:52  SCV  
  39  3:53  SCV  
  41  3:59  Banshee  
  44  4:03  Supply Depot  
  44  4:04  SCV  
  44  4:05  SCV  
  46  4:14  Hellion x2  
  46  4:16  SCV  
  51  4:17  SCV  
  52  4:28  SCV  
  52  4:29  SCV  
  54  4:32  Command Center  
  54  4:40  Refinery  
  54  4:42  Armory, Refinery  
  54  4:44  Viking  
  56  4:50  Armory  
  56  4:53  SCV x2  
  58  5:05  SCV x2  
  58  5:06  Factory, Barracks Tech Lab  
  60  5:09  Factory  
  60  5:17  SCV x2  
  62  5:23  Supply Depot  
  62  5:27  Supply Depot  
  62  5:38  SCV  
  62  5:44  Banshee, SCV  
  64  5:58  SCV  
  64  6:00  Terran Vehicle And Ship Armor Level 1, Terran Vehicle Weapons Level 1  
  64  6:03  Factory Tech Lab  
  65  6:06  Factory  
  65  6:07  Factory  
  65  6:16  SCV  
  65  6:17  SCV  
  67  6:29  SCV x2  
  69  6:34  Viking  
  69  6:35  Siege Tank x2  
  69  6:36  Hellion x2  
  81  6:41  Barracks Reactor, SCV x2  
  81  6:46  Orbital Command  
  83  6:53  Engineering Bay, SCV x2  
  85  6:55  Factory Tech Lab  
  85  6:56  Supply Depot  
  85  7:05  SCV x2  
  87  7:10  Hellion x2  
  87  7:14  Refinery  
  87  7:15  Refinery  
  91  7:17  Thor  
  91  7:18  Thor  
  91  7:22  Supply Depot  
  100  7:25  Supply Depot  
  100  7:29  SCV  
  101  7:34  Supply Depot  
  101  7:36  Supply Depot  
  101  7:37  Supply Depot  
  101  7:43  SCV  
  101  7:44  Viking  
  103  7:47  Hellion x2  
  103  7:59  Hellion  
  103  8:00  Siege Tank  
  103  8:03  Supply Depot  
  103  8:05  SCV x3  
  111  8:06  Supply Depot  
  111  8:11  Terran Vehicle Weapons Level 2, Terran Vehicle And Ship Armor Level 2  
  111  8:17  SCV x3  
  111  8:18  Barracks Reactor  
  111  8:19  Viking  
  116  8:24  Hellion x2  
  120  8:29  SCV x3  
  120  8:30  Supply Depot  
  120  8:33  Missile Turret  
  123  8:36  Missile Turret  
  123  8:39  Missile Turret  
  123  8:41  Missile Turret, SCV  
  123  8:45  Missile Turret  
  123  8:46  SCV x2  
  119  8:49  Hellion x2  
  119  8:52  Hellion  
  119  8:55  Infernal Pre-Igniter  
  112  8:59  Siege Tank  
  112  9:02  Siege Tank  
  118  9:13  Siege Tank  
  118  9:14  Hellion x3  
  118  9:15  Hellion  
  129  9:21  SCV x2  
  129  9:22  Starport  
  131  9:32  Siege Tank  
  131  9:34  Viking x2, Siege Tank  
  141  9:38  Supply Depot  
  141  9:42  Supply Depot  
  141  9:45  Siege Tank  
  144  9:54  Hellion x4  
  152  10:08  Siege Tank x2  
  152  10:09  Viking x2  
  157  10:17  Siege Tank  
  157  10:18  Hellion x4  
  137  10:39  Hellion  
  137  10:40  Terran Vehicle Weapons Level 3, Siege Tank x2  
  145  10:49  Siege Tank  
  146  10:50  Terran Vehicle And Ship Armor Level 3  
  146  11:04  Hellion x3  
  152  11:05  Hellion  
  133  11:20  Viking x2  
  114  11:26  Siege Tank x2  
  114  11:27  Hellion  
  114  11:28  Hellion  
  122  11:33  Hellion x2  
  122  11:40  Siege Tank  
  125  11:50  Viking  
  127  11:54  Command Center  
  127  11:57  Viking, Orbital Command, Command Center  
  127  11:59  Hellion x4  
  127  12:00  Hellion  
  137  12:02  Siege Tank  
  123  12:21  Viking, Siege Tank  
  128  12:25  Hellion x2  
  128  12:27  Viking  
  134  12:35  Hellion x2  
  138  12:46  Viking  
  140  12:53  Hellion x2  
  140  12:58  Thor  
  150  13:02  Viking  
  139  13:23  Thor  
  139  13:24  Viking x2  
  145  13:30  Thor  
  149  13:46  Viking  
  148  13:54  Viking  
  131  13:56  Hellion x2  
  117  14:05  Siege Tank, Hellion x2  
  117  14:14  Viking, Hellion  
  112  14:25  Hellion  
Show
View Real Time Build Order
Export as new Build Order

DERASTAT Zerg - Winner!

Build Orders: Hatch First, Swarm Host 

Get SALT Encoding   

  12  0:02  Drone  
  13  0:12  Overlord  
  13  0:17  Drone  
  14  0:31  Drone x2  
  14  0:35  Drone  
  17  0:51  Hatchery  
  17  0:55  Drone  
  17  0:58  Drone  
  18  1:11  Extractor  
  18  1:13  Spawning Pool  
  18  1:15  Drone  
  17  1:19  Drone  
  18  1:28  Drone  
  19  1:39  Overlord  
  19  1:49  Drone  
  20  2:01  Queen  
  20  2:03  Queen  
  20  2:04  Zergling x4  
  26  2:11  Drone  
  26  2:13  Metabolic Boost  
  26  2:15  Drone  
  28  2:22  Drone  
  29  2:24  Drone  
  30  2:34  Drone  
  30  2:36  Queen  
  33  2:44  Overlord  
  33  2:49  Pneumatized Carapace  
  33  2:52  Drone x2  
  35  2:59  Drone  
  35  3:03  Drone  
  37  3:06  Drone  
  38  3:16  Drone x4  
  38  3:17  Drone x2  
  44  3:23  Overlord  
  44  3:32  Hatchery  
  44  3:33  Roach Warren  
  42  3:40  Drone x2  
  44  3:48  Drone x7  
  51  3:49  Extractor  
  51  3:52  Overlord, Extractor  
  49  3:59  Overlord  
  49  4:03  Lair  
  49  4:07  Zergling x6  
  52  4:16  Roach x2  
  56  4:19  Overlord  
  56  4:20  Roach  
  58  4:27  Roach x3  
  64  4:33  Roach  
  64  4:34  Roach  
  64  4:37  Roach  
  70  4:40  Queen  
  70  4:43  Overlord  
  72  4:50  Queen  
  74  4:56  Overlord x2  
  74  4:57  Drone x3  
  74  4:58  Drone  
  78  5:04  Overseer  
  78  5:05  Drone  
  78  5:06  Drone x2  
  81  5:12  Evolution Chamber  
  81  5:13  Evolution Chamber  
  76  5:23  Drone x8  
  84  5:34  Overlord x3  
  84  5:35  Overlord  
  78  5:54  Drone  
  78  5:55  Drone x7  
  84  5:58  Zerg Ground Armor Level 1, Zerg Missile Weapons Level 1  
  84  6:00  Extractor  
  81  6:06  Glial Reconstitution  
  81  6:08  Roach x3  
  81  6:09  Roach  
  89  6:15  Extractor  
  89  6:17  Extractor  
  87  6:23  Overseer  
  87  6:24  Overlord x3  
  85  6:29  Roach x5  
  95  6:37  Hatchery  
  94  6:51  Drone x4  
  94  6:52  Drone x5  
  94  6:53  Infestation Pit  
  102  6:56  Drone x3  
  105  7:03  Spire  
  105  7:04  Drone x3  
  107  7:25  Overlord x2  
  107  7:26  Overlord  
  107  7:31  Swarm Host x8  
  107  7:33  Extractor  
  107  7:36  Swarm Host x2  
  136  7:39  Hatchery  
  136  7:40  Overlord x2  
  129  7:55  Roach x6  
  129  7:56  Roach x3  
  139  8:02  Zerg Ground Armor Level 2, Zerg Melee Weapons Level 1  
  139  8:07  Swarm Host  
  139  8:11  Swarm Host  
  145  8:16  Roach x4  
  153  8:21  Queen  
  153  8:23  Spore Crawler  
  153  8:26  Spine Crawler  
  153  8:27  Spine Crawler x2  
  152  8:29  Overlord x2  
  152  8:33  Hive  
  151  8:39  Roach  
  151  8:40  Roach x2  
  157  8:59  Overseer  
  157  9:04  Drone x3  
  157  9:09  Drone x6  
  167  9:10  Drone x5  
  165  9:18  Queen x4  
  173  9:25  Ravager  
  173  9:26  Roach  
  173  9:27  Roach x9  
  173  9:30  Extractor  
  173  9:31  Extractor  
  190  9:45  Greater Spire  
  190  10:00  Corruptor x6  
  197  10:36  Zerg Melee Weapons Level 2  
  197  10:37  Zerg Ground Armor Level 3  
  197  10:39  Adrenal Glands  
  197  10:40  Ultralisk Cavern  
  188  11:01  Brood Lord  
  188  11:02  Brood Lord x5  
  197  11:25  Corruptor x4  
  181  11:26  Corruptor x3  
  191  11:34  Spore Crawler  
  191  11:36  Drone x8  
  191  11:37  Spine Crawler  
  191  11:38  Spine Crawler  
  196  11:40  Spine Crawler  
  196  11:47  Roach  
  197  11:48  Overlord x2  
  181  12:17  Corruptor  
  181  12:18  Corruptor x8  
  181  12:20  Drone  
  200  12:36  Overseer  
  200  12:38  Overseer  
  178  13:18  Corruptor x11  
  178  13:19  Corruptor x2  
  196  13:30  Corruptor x2  
  181  14:03  Corruptor  
  181  14:04  Corruptor x4  
  187  14:17  Overlord x3  
  187  14:18  Overlord  
  153  14:46  Roach x14  
Tags
 
Add a new tag
Caveats
  • Supply blocks, unpowered buildings, or Contaminate may cause inaccurate times.
  • Supply counts are checked every 10 seconds.